 Dungeon Crawl Stone Soup version 0.18.1-48-g4cf74bf (webtiles) character file.

812 gerofl the Spear-Bearer (level 7, -15/41 HPs)
             Began as a Gargoyle Fighter on Aug 1, 2016.
             Was a Follower of Okawaru.
             Demolished by an ogre
             ... wielding a +0 giant club
              (19 damage)
             ... on level 6 of the Dungeon.
             The game lasted 00:09:42 (3899 turns).

gerofl the Spear-Bearer (Gargoyle Fighter)          Turns: 3899, Time: 00:09:43

Health: -15/41     AC: 16    Str: 21    XL:     7   Next: 93%
Magic:  7/7        EV:  5    Int:  9    God:    Okawaru [*.....]
Gold:   340        SH:  9    Dex:  9    Spells: 0 memorised, 6 levels left

rFire  . . .     SeeInvis .     a - +0 trident
rCold  . . .     Gourm    .     j - +0 chain mail
rNeg   + . .     Faith    .     c - +0 shield
rPois  ∞         Spirit   .     b - +1 hat
rElec  +         Dismiss  .     (no cloak)
rCorr  .         Reflect  .     s - +0 pair of gloves
SustAt .         Harm     .     (no boots)
MR     .....                    (no amulet)
Stlth  ..........               (no ring)
                                v - ring of wizardry

@: not resistant to hostile enchantments, extremely unstealthy
A: negative energy resistance 1, electricity resistance, unbreathing,
petrification resistance, rot immunity, AC +4
a: Heroism, Renounce Religion


You were on level 6 of the Dungeon.
You worshipped Okawaru.
Okawaru was aware of your devotion.
You were hungry.

You visited 2 branches of the dungeon, and saw 7 of its levels.

You collected 340 gold pieces.


Innate Abilities, Weirdness & Mutations

You are resistant to torment.
Your stone body is resilient (AC +4).
You are immune to poison.
You resist negative energy.
You are resistant to electric shocks.
You can survive without breathing.
You are immune to petrification.
You are immune to rotting.


   Skills:
 - Level 3.2 Fighting
 + Level 8.1 Polearms
 - Level 3.2 Armour
 - Level 3.2 Shields


You had 6 spell levels left.
You didn't know any spells.

Inventory:

Hand Weapons
 a - a +0 trident (weapon)
 m - a +1 whip of pain
 p - a +0 morningstar of holy wrath
Missiles
 H - 2 poisoned tomahawks (quivered)
Armour
 b - a +1 hat (worn)
 c - a +0 shield (worn)
 j - a +0 chain mail (worn)
 s - a +0 pair of gloves (worn)
Magical Staves
 D - an uncursed staff of earth {unknown}
Jewellery
 v - a ring of wizardry (left hand)
Wands
 x - a wand of digging (4/24)
Scrolls
 e - 2 scrolls of teleportation {unknown}
 g - 8 scrolls of identify {unknown}
 k - 2 scrolls of amnesia {unknown}
 l - 6 scrolls of remove curse {unknown}
 o - 5 scrolls of blinking {unknown}
 r - 2 scrolls of random uselessness {unknown}
 w - 2 scrolls of enchant armour {unknown}
 y - a scroll of immolation {unknown}
 K - a scroll of fear {unknown}
 L - a scroll of silence {unknown}
Potions
 d - a potion of might
 n - 2 potions of resistance {unknown}
 q - a potion of mutation {unknown}
 t - 2 potions of cure mutation {unknown}
 z - 2 potions of magic {unknown}
 A - a potion of berserk rage {unknown}
 B - a potion of invisibility {unknown}
 E - 2 potions of heal wounds {unknown}
 G - a potion of lignification {unknown}
 I - a potion of curing {unknown}
 J - a potion of degeneration {unknown}
Comestibles
 f - 4 bread rations
 h - a beef jerky
 u - 3 slices of pizza
 C - 2 meat rations
 F - 2 royal jellies

Dungeon Overview and Level Annotations

Branches:
Dungeon (6/15)             Temple (1/1) D:5

Altars:
Elyvilon
Fedhas
Gozag
Kikubaaqudgha
Makhleb
Nemelex Xobeh
Okawaru
Pakellas
Qazlal
Ru
Sif Muna
Trog
Vehumet
Xom
Yredelemnul
Zin
The Shining One

Shops:
D:5 (

Annotations:
D:5 Menkaure

▒▒▒▒▒
▒▒...▒▒...
▒O8.......
▒.s........
▒..........
▒..........
▒..........
...........
▒......▒▒..)
▒......▒ ...


You could see an ogre and a scorpion.


Message History

You barely miss the ogre.
The scorpion stings you but does no damage.
The ogre hits you with a giant club!
* * * LOW HITPOINT WARNING * * *
You hit the ogre.
The ogre is lightly wounded.
You block the scorpion's attack.
You are feeling hungry.
Your shield and chain mail prevent you from hitting the ogre.
The ogre is lightly wounded.
You block the ogre's attack. You block the scorpion's attack.
Your shield and chain mail prevent you from hitting the ogre.
The ogre is lightly wounded.
The ogre hits you but does no damage. The scorpion barely misses you.
Your chain mail prevents you from hitting the ogre.
The ogre is lightly wounded.
You hit the ogre but do no damage.
The ogre is lightly wounded.
The ogre closely misses you. You block the scorpion's attack.
You hit the ogre but do no damage.
The ogre is lightly wounded.
The scorpion stings you but does no damage.
The ogre hits you with a giant club!
* * * LOW HITPOINT WARNING * * *
You puncture the ogre!
The ogre is heavily wounded.
The scorpion stings you.
* * * LOW HITPOINT WARNING * * *
The ogre hits you with a giant club!!
You die...

Action                   |  1- 3 |  4- 6 |  7- 9 || total
-------------------------+-------+-------+-------++-------
Melee: Trident           |   133 |   239 |   121 ||   493
Invok: Heroism           |       |       |     1 ||     1
  Use: Potion            |       |       |     1 ||     1
  Eat: Chunk             |       |     6 |     4 ||    10
Armor: Scale mail        |     7 |       |       ||     7
       Chain mail        |    53 |   129 |    42 ||   224
Dodge: Dodged            |    17 |    40 |    12 ||    69
Block: Shield            |    57 |    79 |    45 ||   181

Vault maps used:
D:1:      shiori_shiawase
D:2:      roderic_bali_sauvastika, tso_metal_star
D:3:      okawaru_altar_gauntlet_db
D:4:      elyvilon_altar_1
D:5:      grunt_temple_overflow_growth_and_decay, lemuel_blue_sif_altar,
          minitemple, minmay_temple_entry_purple_smoke, serial_shops,
          kennysheep_little_box, first_bread, uniq_menkaure, uniq_duvessa,
          uniq_blork_the_orc
D:6:      lemuel_round_altar, amethyst_killhole, uniq_grinder, uniq_edmund
Temple:   circular_temple_pool_12

Notes
Turn   | Place    | Note
--------------------------------------------------------------
     0 | D:1      | gerofl the Gargoyle Fighter began the quest for the Orb.
     0 | D:1      | Reached XP level 1. HP: 14/14 MP: 1/1
    99 | D:1      | Reached skill level 2 in Polearms
   150 | D:1      | Reached XP level 2. HP: 19/19 MP: 2/2
   517 | D:1      | Reached skill level 3 in Polearms
   517 | D:1      | Reached XP level 3. HP: 23/23 MP: 3/3
   855 | D:2      | Reached XP level 4. HP: 21/28 MP: 4/4
   963 | D:2      | Reached skill level 4 in Polearms
  1178 | D:2      | Found a glowing golden altar of the Shining One.
  1607 | D:3      | Reached XP level 5. HP: 30/32 MP: 5/5
  1881 | D:3      | Found an iron altar of Okawaru.
  1889 | D:3      | Became a worshipper of Warmaster Okawaru
  1948 | D:4      | Reached skill level 5 in Polearms
  2088 | D:4      | Reached XP level 6. HP: 37/37 MP: 6/6
  2235 | D:4      | Found a white marble altar of Elyvilon.
  2271 | D:4      | Reached skill level 6 in Polearms
  2566 | D:5      | Entered Level 5 of the Dungeon
  2566 | D:5      | Noticed an ice beast
  2609 | D:4      | Killed an ice beast
  2609 | D:4      | Reached * piety under Okawaru
  2609 | D:4      | Reached XP level 7. HP: 31/41 MP: 7/7
  2711 | D:5      | Found an oddly glowing altar of Pakellas.
  2713 | D:5      | Found a stormy altar of Qazlal.
  2765 | D:5      | Found Ucveff's Weapon Emporium.
  2838 | D:5      | Reached skill level 7 in Polearms
  2918 | D:5      | Found a deep blue altar of Sif Muna.
  2944 | D:5      | Found a staircase to the Ecumenical Temple.
  2945 | D:5      | Noticed Dowan
  2964 | D:5      | Killed Dowan
  3001 | D:5      | Noticed Duvessa
  3015 | D:5      | Killed Duvessa
  3258 | Temple   | Entered the Ecumenical Temple
  3363 | D:5      | Noticed Blork the orc
  3379 | D:5      | Killed Blork the orc
  3451 | D:5      | Reached skill level 8 in Polearms
  3515 | D:5      | Found a blossoming altar of Fedhas.
  3517 | D:5      | Found an ancient bone altar of Kikubaaqudgha.
  3559 | D:5      | Noticed Menkaure
  3899 | D:6      | HP: 4/41 [scorpion (5)]
  3899 | D:6      | Demolished by an ogre

Vanquished Creatures
  Duvessa (D:5)
  An ice beast (D:4)
  A centaur (D:5)
  Blork the orc (D:5)
  Dowan (D:5)
  A scorpion (D:4)
  A crimson imp (D:5)
  A centaur skeleton (D:4)
  An iguana (D:5)
  2 worker ants (D:4)
  7 gnolls
  6 adders
  A shadow imp (D:5)
  3 oozes
  An adder skeleton (D:4)
  A worm (D:2)
  A dart slug (D:1)
  5 giant geckos
  6 orcs
  2 ball pythons
  6 bats
  4 giant cockroaches
  8 goblins
  9 hobgoblins
  3 jackals (D:2)
  3 quokkas
  A giant gecko zombie (D:5)
  2 giant newts
  5 kobolds
  A quokka skeleton (D:4)
  2 rats
88 creatures vanquished.
